Map: World of Sleepers LE

Players

PtitDrogo - Winner!

  • Race: Protoss Protoss
  • League: Grandmaster
  • Spawn Location: 1:00

liquidthermy (uThermal)

  • Race: Terran Terran
  • Spawn Location: 7:00

Event: HomeStory Cup XX

VOD

Have the link to the VOD?

Description

Time

  • Played on: Nov. 22, 2019, 12:47 p.m.
  • Length: 15:35

All games in this series

Show
View Real Time Build Order
Export as new Build Order

PtitDrogo Protoss - Winner!

Build Orders: 1 Gate Expand, Zealot Archon 

Get SALT Encoding   

  12  0:00  Probe  
  13  0:12  Probe  
  14  0:17  Pylon  
  14  0:25  Probe  
  15  0:33  Probe  
  15  0:36  Gateway  
  15  0:41  Probe  
  16  0:47  Assimilator  
  17  0:51  Probe  
  18  1:03  Probe  
  19  1:15  Probe  
  20  1:22  Nexus  
  20  1:31  Cybernetics Core  
  20  1:34  Probe  
  20  1:39  Assimilator  
  21  1:46  Probe  
  22  1:51  Pylon  
  22  1:58  Probe  
  22  1:59  Stalker  
  23  2:07  Warp Gate  
  23  2:10  Probe  
  26  2:21  Robotics Facility  
  26  2:23  Probe  
  27  2:30  Probe  
  27  2:31  Probe  
  27  2:32  Stalker  
  31  2:38  Probe  
  31  2:39  Probe  
  33  2:48  Probe  
  33  2:49  Probe  
  35  3:00  Probe  
  35  3:01  Probe  
  35  3:03  Observer  
  35  3:04  Gateway  
  37  3:06  Gateway  
  37  3:08  Sentry  
  40  3:13  Probe x2  
  40  3:19  Pylon  
  42  3:20  Observer  
  42  3:25  Probe  
  44  3:28  Probe  
  45  3:34  Pylon  
  45  3:37  Probe  
  45  3:40  Probe  
  47  3:44  Observer  
  48  3:52  Pylon  
  48  3:56  Stalker  
  48  3:58  Stalker  
  48  4:01  Nexus  
  49  4:13  Stalker  
  49  4:14  Probe  
  49  4:15  Probe  
  53  4:22  Probe  
  53  4:23  Probe  
  48  4:30  Probe  
  48  4:31  Probe  
  52  4:39  Assimilator  
  52  4:40  Assimilator  
  52  4:41  Probe, Pylon  
  52  4:42  Probe  
  52  4:45  Observer  
  54  4:52  Probe, Twilight Council  
  54  4:53  Probe  
  54  4:56  Forge  
  56  5:00  Probe  
  56  5:05  Probe  
  58  5:08  Probe  
  58  5:10  Probe  
  60  5:17  Probe  
  60  5:18  Probe, Charge  
  60  5:19  Protoss Ground Armor Level 1  
  60  5:20  Probe  
  62  5:28  Probe  
  63  5:29  Probe  
  63  5:32  Probe  
  66  5:40  Probe  
  66  5:41  Probe, Warp Prism  
  70  5:44  Probe  
  70  5:47  Gateway  
  70  5:49  Gateway x2  
  71  5:52  Probe  
  71  5:53  Probe, Templar Archives  
  71  5:55  Observer, Gateway  
  71  5:56  Probe  
  74  5:58  Gateway  
  74  6:04  Probe  
  74  6:06  Probe  
  74  6:07  Gateway  
  74  6:08  Probe  
  74  6:09  Gateway  
  77  6:13  Pylon  
  77  6:16  Probe  
  77  6:18  Probe  
  79  6:20  Probe  
  79  6:22  Pylon  
  79  6:23  Pylon  
  80  6:26  Assimilator x2  
  80  6:28  Probe  
  80  6:30  Probe  
  82  6:33  Probe  
  83  6:40  Probe  
  83  6:42  Probe  
  83  6:45  High Templar x3  
  83  6:46  High Templar  
  93  6:50  Archon x2  
  93  6:51  Zealot x3  
  99  6:54  Pylon x2  
  99  6:56  Protoss Ground Weapons Level 1  
  99  6:59  Zealot  
  101  7:03  Zealot x2  
  101  7:08  Blink  
  105  7:14  Pylon, High Templar x2  
  109  7:18  Zealot x2, High Templar x2  
  109  7:19  Zealot x2  
  109  7:22  Archon x2  
  121  7:25  Nexus  
  121  7:27  Pylon  
  121  7:29  Zealot x2  
  125  7:40  Pylon, Immortal  
  125  7:41  High Templar  
  125  7:42  Pylon  
  125  7:43  Pylon  
  131  7:51  Zealot x5  
  123  7:54  Zealot  
  123  7:57  Zealot  
  123  7:58  Zealot  
  95  8:10  Zealot x2, High Templar  
  95  8:11  Zealot x5  
  105  8:16  High Templar  
  105  8:19  Immortal  
  111  8:20  Archon  
  111  8:22  Zealot  
  113  8:31  Zealot x4  
  113  8:32  Zealot  
  123  8:40  Stalker  
  123  8:41  Stalker  
  123  8:49  High Templar  
  123  8:50  Zealot, Immortal  
  123  8:51  Zealot  
  123  8:52  Protoss Ground Weapons Level 2  
  123  8:53  Zealot x4  
  123  8:54  Archon  
  129  8:58  Observer  
  129  8:59  Sentry  
  135  9:07  High Templar  
  135  9:08  High Templar  
  139  9:12  Archon  
  139  9:14  High Templar x2  
  139  9:15  Zealot x4  
  151  9:18  Archon  
  151  9:24  Zealot x2  
  150  9:40  Zealot  
  150  9:41  Zealot x5  
  150  9:44  Zealot x2  
  156  9:48  Zealot x2  
  134  10:01  Zealot x6  
  136  10:20  Zealot x2  
  136  10:21  Zealot x2  
  140  10:22  Stalker x6  
  122  10:41  Stalker x4  
  119  10:53  Stalker x6  
  117  10:59  Psionic Storm  
  117  11:03  Immortal  
  117  11:08  Protoss Ground Armor Level 2  
  105  11:13  High Templar x4  
  113  11:22  Unknown  
  113  11:27  Observer  
  113  11:28  Zealot x6  
  113  11:31  Photon Cannon  
  113  11:32  Shield Battery  
  125  11:36  Immortal  
  121  11:46  Zealot x4  
  131  11:55  Stalker x4  
  134  12:11  Immortal  
  134  12:16  High Templar x3  
  134  12:17  High Templar  
  134  12:18  Zealot x3  
  134  12:21  Archon x2  
  138  12:38  Zealot x5  
  138  12:42  Observer  
  142  12:44  Probe  
  142  12:48  Robotics Facility, Probe  
  142  12:49  Robotics Bay  
  140  12:52  Forge  
  140  12:54  Stalker x2  
  140  12:55  Zealot  
  140  12:57  High Templar x2  
  148  13:11  Probe  
  149  13:19  Nexus  
  149  13:21  Zealot x3  
  149  13:23  Colossus  
  153  13:31  Colossus  
  163  13:48  Extended Thermal Lance  
  163  13:51  High Templar  
  163  13:58  Pylon  
  163  13:59  Pylon  
  163  14:02  Colossus  
  163  14:05  Pylon  
  163  14:14  Pylon  
  163  14:17  Sentry  
  163  14:21  Colossus  
  169  14:33  High Templar x4, Shield Battery  
  169  14:35  Stalker x3  
  169  14:37  Archon x2  
  183  14:44  Probe  
  189  14:47  Assimilator  
  189  14:51  Assimilator  
  189  14:52  Probe  
  190  15:02  Probe  
  190  15:04  Stalker x4  
  198  15:14  Probe  
  194  15:23  Zealot x3  
  194  15:28  Zealot x4, Archon  
  182  15:30  Zealot  
  182  15:31  Zealot x2  
Show
View Real Time Build Order
Export as new Build Order

liquidthermy Terran 

Build Orders:  

Get SALT Encoding   

  12  0:02  SCV  
  13  0:14  SCV  
  13  0:18  Supply Depot  
  14  0:26  SCV  
  15  0:40  SCV  
  15  0:41  Barracks  
  16  0:44  Refinery  
  16  0:52  SCV  
  17  1:04  SCV  
  18  1:16  SCV  
  19  1:28  Marine  
  19  1:29  Orbital Command  
  20  1:39  Command Center  
  20  1:50  Factory  
  20  1:55  SCV  
  21  2:03  Barracks Reactor  
  21  2:07  SCV  
  22  2:11  Supply Depot  
  22  2:19  SCV  
  22  2:20  Refinery  
  23  2:32  SCV  
  24  2:42  Starport  
  24  2:43  Hellion  
  24  2:44  SCV, Hellion  
  28  2:50  Orbital Command  
  29  2:56  SCV  
  30  3:05  Hellion x2  
  34  3:06  Barracks Tech Lab  
  34  3:09  SCV  
  35  3:16  SCV  
  35  3:18  Medivac  
  38  3:21  SCV  
  38  3:24  Bunker  
  39  3:28  SCV  
  39  3:29  Supply Depot  
  40  3:35  Siege Tank  
  40  3:36  SCV  
  40  3:40  Marine, SCV  
  46  3:47  Supply Depot  
  46  3:50  Marine  
  46  3:51  SCV  
  48  3:57  Marine, SCV  
  50  4:03  SCV  
  50  4:04  Starport Tech Lab  
  50  4:07  Siege Tank  
  50  4:08  Marine  
  53  4:12  SCV  
  53  4:15  Marine  
  47  4:26  Marine, SCV  
  47  4:27  Command Center  
  49  4:32  SCV  
  49  4:33  Marine  
  49  4:35  Raven  
  53  4:38  SCV  
  53  4:40  Supply Depot  
  53  4:45  SCV  
  55  4:46  Marine  
  55  4:48  Barracks  
  55  4:49  Barracks  
  55  4:50  SCV, Factory Tech Lab  
  55  4:51  Marine  
  58  5:00  SCV  
  58  5:01  Engineering Bay  
  58  5:02  Engineering Bay  
  58  5:03  SCV  
  58  5:04  Marine  
  61  5:09  Refinery, Marine  
  61  5:12  Refinery, SCV  
  63  5:15  SCV  
  63  5:20  Supply Depot  
  64  5:22  Factory Reactor  
  64  5:23  Marine  
  64  5:24  SCV  
  64  5:27  Marine, SCV  
  68  5:32  Starport Reactor  
  68  5:33  Barracks x2  
  68  5:36  Terran Infantry Weapons Level 1  
  68  5:39  Terran Infantry Armor Level 1  
  68  5:42  Orbital Command  
  67  5:44  Marine  
  67  5:48  Stimpack, Marine  
  67  5:49  Marine  
  70  5:50  Marine  
  70  5:53  SCV  
  72  6:00  Widow Mine x2, Supply Depot  
  72  6:03  Marine  
  77  6:08  Medivac, Marauder  
  77  6:09  Medivac  
  77  6:10  Marine  
  84  6:14  Marine, Supply Depot  
  84  6:18  Combat Shield  
  85  6:21  Marine  
  85  6:24  Barracks Tech Lab  
  86  6:25  Barracks Reactor  
  86  6:30  Widow Mine  
  86  6:31  Widow Mine  
  86  6:32  Missile Turret, Marine  
  89  6:33  Marine, Marauder  
  89  6:39  Marine, Supply Depot  
  94  6:42  Medivac  
  94  6:43  SCV, Supply Depot  
  94  6:44  Marine  
  98  6:50  Medivac, Supply Depot  
  98  6:54  Marine x2  
  100  6:55  Concussive Shells  
  100  6:58  SCV  
  100  6:59  SCV  
  100  7:00  Widow Mine  
  106  7:01  Widow Mine  
  106  7:05  Marine  
  106  7:06  Marauder  
  111  7:13  SCV x2, Supply Depot  
  111  7:14  Marine  
  114  7:18  Medivac  
  114  7:21  Widow Mine  
  118  7:23  Medivac  
  118  7:25  Marine, SCV  
  118  7:28  Marine  
  118  7:29  Supply Depot  
  123  7:30  Marine  
  123  7:33  Widow Mine  
  123  7:35  Marine  
  127  7:39  Marine, Marauder  
  127  7:40  SCV  
  113  7:53  Medivac  
  113  7:54  Marine, Marauder  
  113  7:55  Widow Mine, Orbital Command  
  110  8:03  Widow Mine  
  110  8:04  Marine  
  103  8:07  Medivac  
  103  8:08  Marine, Marauder, Liberator  
  103  8:11  SCV  
  103  8:12  SCV  
  110  8:18  Marine, Widow Mine  
  110  8:19  Marine  
  114  8:20  Liberator  
  114  8:22  SCV  
  114  8:24  SCV  
  119  8:27  Marine  
  119  8:29  Marine x2  
  119  8:30  SCV  
  119  8:31  Widow Mine  
  125  8:39  Marine x2  
  125  8:40  Marauder x2, Widow Mine  
  132  8:43  SCV x2  
  132  8:45  Marine  
  132  8:47  Marine  
  136  8:51  Marine  
  136  8:52  Widow Mine  
  138  8:57  Supply Depot  
  138  9:00  SCV  
  138  9:01  Liberator, Widow Mine, Marauder  
  138  9:02  Refinery, SCV, Armory  
  143  9:04  Refinery  
  143  9:07  Marine  
  144  9:11  SCV, Supply Depot  
  144  9:14  Widow Mine  
  147  9:19  Marauder, Liberator, Supply Depot  
  147  9:22  Marine, Widow Mine, Marauder  
  155  9:25  Marauder  
  155  9:30  Marine x2  
  148  9:40  Marauder, Widow Mine, Marine  
  148  9:44  Marauder  
  138  9:50  Marine x2  
  138  9:51  Marauder  
  137  9:55  Marine  
  137  9:58  Marine  
  129  10:01  Marauder, Widow Mine  
  129  10:05  Marauder  
  130  10:08  Marine x2  
  130  10:12  Marauder  
  130  10:13  Marine, SCV  
  130  10:14  SCV  
  129  10:16  Marine  
  129  10:20  Widow Mine  
  130  10:23  Marauder  
  130  10:26  Marine x2  
  130  10:27  Marauder  
  123  10:31  Marine  
  123  10:34  Marauder  
  120  10:36  Widow Mine  
  120  10:39  Marine  
  121  10:44  Marauder  
  98  11:02  Marine, Marauder  
  94  11:05  SCV  
  94  11:10  Marine  
  89  11:11  Marine  
  89  11:13  Medivac x2  
  89  11:14  Marine  
  89  11:16  SCV  
  93  11:19  Marine  
  93  11:22  Widow Mine  
  96  11:26  SCV  
  96  11:27  Marine x2  
  96  11:30  Marine x2  
  101  11:34  Widow Mine  
  101  11:38  Marine  
  101  11:39  Marauder x2  
  106  11:44  Marine, Widow Mine  
  106  11:45  Marauder  
  111  11:48  Marine  
  111  11:49  SCV  
  111  11:50  SCV  
  111  11:51  Missile Turret, SCV  
  111  11:54  Marine  
  115  11:56  Marine, Widow Mine  
  115  12:00  Medivac  
  121  12:02  Marine  
  121  12:03  Marauder  
  121  12:05  Widow Mine  
  121  12:07  Marine  
  124  12:11  Marine x2  
  124  12:12  Marauder  
  128  12:18  Widow Mine  
  128  12:21  Marine  
  131  12:24  Marauder, Supply Depot  
  131  12:25  Marine x2  
  131  12:26  Widow Mine  
  126  12:38  Marine  
  126  12:39  Marauder, Widow Mine, Ghost Academy, Marine  
  126  12:40  Marauder  
  126  12:42  SCV x2  
  127  12:47  Marine  
  127  12:48  SCV  
  127  12:50  Marine  
  127  12:53  Marine  
  127  12:57  SCV  
  130  13:04  Widow Mine x2  
  131  13:12  Ghost  
  131  13:14  Marine x3  
  131  13:15  SCV x2  
  131  13:16  SCV  
  131  13:17  Marine  
  131  13:18  Marine  
  141  13:22  Marine, Supply Depot  
  142  13:31  Marine  
  142  13:32  Marine  
  142  13:33  SCV  
  145  13:34  Supply Depot  
  145  13:36  Marauder  
  145  13:38  Supply Depot  
  145  13:40  Supply Depot  
  147  13:42  SCV  
  147  13:44  Supply Depot  
  147  13:48  Enhanced Shockwaves  
  148  13:49  Marine x2  
  148  13:52  Marine  
  148  13:53  Marine  
  153  14:02  Supply Depot  
  156  14:03  Ghost  
  156  14:09  Marine x2  
  155  14:10  Supply Depot  
  155  14:11  Marine x2, Marauder  
  155  14:12  Marine  
  160  14:17  Supply Depot  
  160  14:26  Supply Depot  
  160  14:27  Marine x2  
  160  14:28  Marine  
  160  14:29  Marauder  
  160  14:30  Widow Mine  
  167  14:32  Marauder, Widow Mine  
  167  14:36  Marine, Marauder  
  174  14:45  Marine  
  175  14:49  Marine x2  
  175  14:50  Marauder  
  175  14:51  Widow Mine  
  181  14:54  Marine, Marauder  
  181  14:58  Marine  
  185  15:01  Widow Mine  
  187  15:12  Marauder  
  187  15:13  Widow Mine  
Tags
 
Add a new tag
Caveats
  • Supply blocks, unpowered buildings, or Contaminate may cause inaccurate times.
  • Supply counts are checked every 10 seconds.